 Dungeon Crawl Stone Soup version 0.28-a0-1616-g050a50673c (webtiles) character file.

Game seed: 14931554609175296691

47 gimp the Skirmisher (level 3, 0/24 HPs)
             Began as a Tengu Wanderer on Jan 23, 2022.
             Succumbed to an adder's poison
             ... on level 2 of the Dungeon.
             The game lasted 00:02:05 (1403 turns).

gimp the Skirmisher (Tengu Wanderer)                Turns: 1403, Time: 00:02:06

Health: 0/24       AC:  5    Str: 18    XL:     3   Next: 70%
Magic:  7/7        EV: 10    Int: 10    God:
Gold:   56         SH:  0    Dex: 11    Spells: 6/6 levels left

rFire   . . .      SeeInvis .   a - +0 mace
rCold   . . .      Faith    .   (no shield)
rNeg    . . .      Spirit   .   g - +0 ring mail
rPois   .          Reflect  .   (helmet restricted)
rElec   .          Harm     .   (no cloak)
rCorr   .          Rampage  .   (no gloves)
Will    .....                   (boots unavailable)
Stlth   +.........              (no amulet)
HPRegen 0.08/turn               (no ring)
MPRegen 0.10/turn               (no ring)

@: lethally poisoned (0 -> -2), on berserk cooldown, slowed, invisible, very
slow
A: beak, talons 3
a: no special abilities


You were on level 2 of the Dungeon.
You visited 1 branch of the dungeon, and saw 2 of its levels.

You collected 56 gold pieces.

Inventory:

Hand Weapons
 a - a +0 mace (weapon)
Missiles
 i - 3 poisoned darts
Armour
 e - a +0 leather armour
 g - a +0 ring mail (worn)
Scrolls
 h - a scroll of identify {unknown}
Potions
 b - a potion of haste
Miscellaneous
 d - a piece from Xom's chessboard (15/15) (quivered)


   Skills:
 + Level 3.9 Fighting
 - Level 2.1 Maces & Flails
 - Level 1.1 Dodging
 - Level 2.1 Unarmed Combat
 - Level 2.0 Spellcasting
 - Level 1.0 Evocations


You had 6 spell levels left.
You didn't know any spells.
Your spell library was empty.

Dungeon Overview and Level Annotations

Branches:
Dungeon (2/15)

Altars:


Innate Abilities, Weirdness & Mutations

You have a beak for a mouth.
You have claws for feet.


Message History

The adder poisons you! The adder bites you but does no damage.
You take 2 damage, and have 17/24 hp.
You barely miss the adder.
You feel very sick. The adder bites you but does no damage.
The adder barely misses you.
You take 3 damage, and have 14/24 hp.
You sock the adder! Your kick misses the adder.
The adder is almost dead.
You feel sick. The adder bites you.
You are lethally poisoned!
The adder poisons you!
You take 4 damage, and have 10/24 hp.
You are too injured to fight recklessly!
You hit the adder.
You kill the adder!
You feel very sick.
You take 2 damage, and have 8/24 hp.
It was a potion of invisibility.
You fade into invisibility!
* * * LOW HITPOINT WARNING * * *
You feel sick.
You take 2 damage, and have 6/24 hp.
A red film seems to cover your vision as you go berserk!
You feel yourself moving faster!
You feel mighty!
You feel sick.
You now have 7/36 hp.
You feel a strong urge to attack something.
Found 10 gold pieces.
You feel sick.
You take 1 damage, and have 6/36 hp.
You feel your anger nearly subside.
You are no longer berserk.
You are exhausted.
You feel yourself slow down.
* * * LOW HITPOINT WARNING * * *
You feel sick.
You now have 3/24 hp.
There is a lethal amount of poison in your body!
There is a lethal amount of poison in your body!
* * * LOW HITPOINT WARNING * * *
You feel sick.
You take 1 damage, and have 2/24 hp.
You die...

...#.... # # ...... . #.
###.#.. $# #
|..##.#.#.###.#
................#
................##.
.......>............
.....##.#.#.######.#
........#.#@# .# #
...###.#)###### .###.#
..........##...###.....#
....###.#.##...##......#
.....<..#.##...##..##..#
.....................#
...##.....##).##..##..#
..........##..##..##..##
..........##............


There were no monsters in sight!

Vanquished Creatures
  An adder (D:2)
  A dart slug (D:1)
  2 bats (D:1)
  3 giant cockroaches (D:1)
  A goblin (D:1)
  4 hobgoblins
  3 jackals (D:1)
  5 kobolds
  3 quokkas (D:1)
  4 ball pythons
  3 frilled lizards
  2 rats (D:1)
32 creatures vanquished.

Notes
Turn   | Place    | Note
-------+----------+-------------------------------------------
     0 | D:1      | gimp the Tengu Wanderer began the quest for the Orb.
     0 | D:1      | gimp set off with the following items: a +0 mace, a potion
                  | of haste, a potion of berserk rage, a piece from Xom's
                  | chessboard (15/15), a +0 leather armour
     0 | D:1      | Reached XP level 1. HP: 12/12 MP: 4/4
   232 | D:1      | Reached XP level 2. HP: 13/18 MP: 6/6
   457 | D:1      | Reached skill level 3 in Fighting
   607 | D:1      | Reached XP level 3. HP: 19/23 MP: 7/7
  1403 | D:2      | Succumbed to an adder's poison

Illustrated notes

Levels and vault maps discovered:
D:1:      minmay_arrival_loop, layout_basic, fountainhead
D:2:      cheibrodos_fertilizer, layout_basic, fountainhead

Skill      XL: |  1  2 |
---------------+-------+-----
Fighting       | 3 |  3.9
Maces & Flails | |  2.1
Dodging        | |  1.1
Unarmed Combat | |  2.1
Spellcasting   | |  2.0
Evocations     | |  1.0

Action                   || total
-------------------------++-------
Melee: Mace              ||    78
       Kick              ||    14
       Peck              ||     8
       Punch             ||     2
  Use: Potion            ||     2
Armor: Leather armour    ||    14
       Ring mail         ||    16
Dodge: Dodged            ||    46

Table legend: (Time is in decaauts)
 A = Elapsed time spent in this place.
 B = Non-inter-level travel time spent in this place.
 C = Inter-level travel time spent in this place.
 D = Time resting spent in this place.
 E = Time spent auto-exploring this place.
 F = Levels seen in this place.
 G = Mean time per level.
                   A        B        C        D        E       F      G
               +--------+--------+--------+--------+--------+-----+--------+
         Total |   1427 |   1360 |     67 |      0 |   1113 |   2 |  713.5 |
       Dungeon |   1427 |   1360 |     67 |      0 |   1113 |   2 |  713.5 |
               +--------+--------+--------+--------+--------+-----+--------+

Top non-repeatable levels by time:
     D:1: 1288 daAuts
     D:2: 138 daAuts
